 Dungeon Crawl Stone Soup version 0.21.1-1-g345015f (webtiles) character file.

216 nicolaieve the Chopper (level 5, -3/46 HPs)
             Began as a Hill Orc Fighter on June 4, 2018.
             Was an Initiate of Beogh.
             Killed by divine providence
             ... invoked by an orc priest
              (10 damage)
             ... on level 4 of the Dungeon.
             The game lasted 00:17:53 (3222 turns).

nicolaieve the Chopper (Hill Orc Fighter)           Turns: 3222, Time: 00:17:54

Health: -3/46      AC:  3    Str: 20    XL:     5   Next: 93%
Magic:  5/5        EV:  9    Int: 13    God:    Beogh [......]
Gold:   234        SH:  9    Dex: 10    Spells: 4/4 levels left

rFire    . . .     SeeInvis .   a - +0 war axe
rCold    . . .     Gourm    .   c - +0 shield
rNeg     . . .     Faith    .   t - +0 leather armour (curse)
rPois    .         Spirit   .   (no helmet)
rElec    .         Reflect  .   (no cloak)
rCorr    .         Harm     .   (no gloves)
MR       .....                  (no boots)
Stlth    +.........             (no amulet)
HPRegen  0.15/turn              (no ring)
MPRegen  0.09/turn              (no ring)

@: brilliant
A: no striking features
a: Renounce Religion


You were on level 4 of the Dungeon.
You worshipped Beogh.
Beogh was noncommittal.
You were very hungry.

You visited 1 branch of the dungeon, and saw 4 of its levels.

You collected 234 gold pieces.

Inventory:

Hand Weapons
 a - a +0 war axe (weapon)
 l - a +0 hand axe
 o - a +0 war axe
Armour
 b - a +0 scale mail
 c - a +0 shield (worn)
 k - a +0 chain mail
 s - a +0 chain mail
 t - a cursed +0 leather armour (worn)
Scrolls
 h - a scroll of amnesia
Potions
 d - a potion of might
 g - 6 potions of flight
 i - a potion of brilliance
 j - 3 potions of lignification
 m - 2 potions of curing {unknown}
 p - 2 potions of resistance {unknown}
 q - a potion of ambrosia {unknown}
 r - 2 potions of agility {unknown}
 u - 2 potions of heal wounds {unknown}
Books
 n - a book of Minor Magic

   Spells                             Type                      Level
   a - Magic Dart                     Conjuration                  1
   b - Blink                          Translocation                2
   c - Call Imp                       Summoning                    2
   d - Slow                           Hexes                        2
   e - Conjure Flame                  Conjuration/Fire             3
   f - Mephitic Cloud                 Conjuration/Poison/Air       3
Comestibles
 f - 6 rations


   Skills:
 + Level 4.0 Fighting
 + Level 5.4 Axes
 + Level 4.1 Armour
 + Level 0.3 Dodging
 + Level 0.1 Stealth
 + Level 4.8 Shields


You had 4 spell levels left.
You didn't know any spells.

Dungeon Overview and Level Annotations

Branches:
Dungeon (4/15)
 Temple: D:4-7

Altars:
Dithmenos
Hepliaklqana


Message History

The orc priest looks frightened!
The orc wizard mumbles some strange words.
The orc wizard blinks!
Unknown command.
The orc wizard casts a spell.
The orc wizard blinks!
The orc wizard mumbles some strange words.
The orc wizard blinks!
The orc wizard mumbles some strange words.
The orc wizard blinks!
You start resting.
An orc priest is nearby!
An orc priest is nearby!
An orc priest is nearby!
An orc priest is nearby!
An orc priest is nearby!
The orc priest calls down the wrath of Beogh upon you.
Beogh smites you!
You die...
Beogh appreciates the orc priest's killing of a heretic priest.

......).......#
##......o.....#
###..........#
#..........#
#.#..........#
#.#...o.)....#
#............#
##..........##
...........@##
..............#
####..........#
#.........<#
#..........#
#..........#
##........##
##......##
########


You could see an orc priest and a neutral orc priest (wandering).

Vanquished Creatures
  A hound (D:4)
  An orc priest (D:4)
  An orc wizard (D:4)
  A worker ant (D:4)
  4 adders (D:2)
  4 dart slugs
  3 leopard geckos
  3 orcs (D:4)
  6 bats
  2 giant cockroaches (D:2)
  2 goblins (D:2)
  3 hobgoblins
  7 jackals
  4 kobolds
  3 quokkas
  4 ball pythons
  3 frilled lizards
  8 rats
60 creatures vanquished.

Vanquished Creatures (others)
  A worker ant (D:4)
  2 orcs (D:4)
3 creatures vanquished.

Grand Total: 63 creatures vanquished

Notes
Turn   | Place    | Note
-------+----------+-------------------------------------------
     0 | D:1      | nicolaieve the Hill Orc Fighter began the quest for the Orb.
     0 | D:1      | Reached XP level 1. HP: 19/19 MP: 1/1
   107 | D:1      | Reached XP level 2. HP: 5/27 MP: 2/2
   606 | D:1      | Reached skill level 3 in Axes
  1057 | D:2      | Reached XP level 3. HP: 33/33 MP: 3/3
  1352 | D:2      | Reached XP level 4. HP: 18/40 MP: 4/4
  2195 | D:3      | You fall through a shaft!
  2198 | D:4      | Became a worshipper of Beogh the Brigand
  2206 | D:4      | Reached skill level 4 in Axes
  2215 | D:4      | Reached XP level 5. HP: 22/46 MP: 5/5
  2806 | D:3      | Found a hazy altar of Hepliaklqana.
  2807 | D:3      | Found a shadowy altar of Dithmenos.
  3187 | D:4      | Reached skill level 5 in Axes
  3191 | D:4      | HP: 2/46 [orc wizard/magic dart (8)]
  3222 | D:4      | Killed from afar by an orc priest

Skill      XL: |  1  2  3  4  5 |
---------------+----------------+-----
Axes           | 3 4 5 |  5.4
Shields        | 4 |  4.8
Armour         | 4 |  4.1
Fighting       | 4 |  4.0
Dodging        | |  0.3
Stealth        | |  0.1

Action                   |  1- 3 |  4- 6 || total
-------------------------+-------+-------++-------
Melee: War axe           |    83 |   106 ||   189
Invok: Convert to Beogh  |       |     1 ||     1
  Use: Scroll            |       |     5 ||     5
       Potion            |       |     1 ||     1
  Eat: Chunk             |     1 |     5 ||     6
Armor: Scale mail        |    31 |       ||    31
       Chain mail        |    47 |    61 ||   108
       Leather armour    |       |     3 ||     3
Dodge: Dodged            |    36 |    20 ||    56
Block: Shield            |    66 |    66 ||   132
